Map: Queda Cerúlea LE

Players

Vicster

  • Race: Terran Terran
  • League: Gold
  • Spawn Location: 7:00

Meliodas - Winner!

  • Race: Protoss Protoss
  • League: Platinum
  • Spawn Location: 1:00

VOD

Have the link to the VOD?

Description

Time

  • Played on: Jan. 9, 2019, 2:53 p.m.
  • Length: 6:00
Show
View Real Time Build Order
Export as new Build Order

Vicster Terran 

Build Orders:  

Get SALT Encoding   

  12  0:00  SCV  
  13  0:13  SCV  
  14  0:18  Supply Depot  
  14  0:26  SCV  
  15  0:39  SCV  
  15  0:42  Barracks  
  16  0:50  Refinery  
  16  0:51  SCV  
  17  1:03  SCV  
  18  1:15  SCV  
  19  1:28  SCV  
  19  1:29  Barracks Tech Lab  
  20  1:37  Command Center  
  20  1:47  Orbital Command  
  20  1:50  Reaper  
  21  2:13  SCV  
  22  2:17  Refinery  
  22  2:22  Factory  
  22  2:25  SCV  
  23  2:48  SCV, Orbital Command  
  24  3:00  SCV  
  26  3:12  SCV  
  26  3:24  Barracks Reactor, SCV  
  26  3:25  Starport  
  27  3:32  Command Center, SCV  
  28  3:37  SCV  
  28  3:41  Cyclone  
  32  3:44  SCV  
  33  3:52  SCV  
  34  3:56  SCV  
  34  3:58  Refinery, Engineering Bay  
  34  4:00  Refinery  
  35  4:03  Starport Tech Lab  
  35  4:04  Marine x2, SCV  
  38  4:13  Supply Depot  
  38  4:25  Supply Depot  
  38  4:34  Marine, SCV x2, Cyclone  
  38  4:35  Supply Depot  
  38  4:37  Raven  
  46  4:44  Orbital Command  
  46  4:46  SCV x2  
  48  4:53  Engineering Bay  
  48  4:59  Supply Depot  
  37  5:24  Supply Depot  
  33  5:30  Marine x2  
  34  5:52  Supply Depot  
Show
View Real Time Build Order
Export as new Build Order

Meliodas Protoss - Winner!

Build Orders: Blink Stalkers 

Get SALT Encoding   

  12  0:02  Probe  
  13  0:14  Probe  
  13  0:20  Pylon  
  14  0:26  Probe  
  15  0:38  Probe  
  16  0:44  Gateway  
  16  0:48  Assimilator  
  16  0:50  Probe  
  17  1:02  Probe  
  18  1:14  Probe  
  18  1:15  Assimilator  
  19  1:27  Probe  
  20  1:33  Cybernetics Core  
  20  1:35  Pylon  
  20  1:39  Probe  
  21  1:48  Gateway  
  21  1:51  Probe  
  22  2:01  Gateway, Warp Gate  
  22  2:03  Probe  
  25  2:11  Stalker  
  25  2:22  Pylon  
  25  2:35  Stalker  
  27  2:41  Twilight Council  
  27  2:45  Pylon  
  27  2:50  Stalker  
  29  3:15  Blink  
  29  3:22  Stalker  
  31  3:27  Gateway  
  31  3:35  Stalker  
  33  4:06  Stalker  
  33  4:09  Stalker  
  37  4:14  Stalker  
  39  4:22  Stalker  
  41  5:05  Pylon  
  39  5:32  Stalker x4  
Tags
 
Add a new tag
Caveats
  • Supply blocks, unpowered buildings, or Contaminate may cause inaccurate times.
  • Supply counts are checked every 10 seconds.